 Dungeon Crawl Stone Soup version 0.29.1-1-gd02db69 (webtiles) character file.

Game seed: 5418560303574096738

93 Timinator the Insei (level 4, -3/36 HPs)
             Began as a Demigod Transmuter on Jan 13, 2023.
             Slain by Terence
             ... wielding a +0 falchion
              (7 damage)
             ... on level 2 of the Dungeon.
             The game lasted 00:04:44 (1982 turns).

Timinator the Insei (Demigod Transmuter)            Turns: 1982, Time: 00:04:45

Health: -3/36      AC:  3    Str: 11    XL:     4   Next: 15%
Magic:  9/9        EV: 12    Int: 15    God:
Gold:   134        SH:  0    Dex: 24    Spells: 6/7 levels left

rFire   + . .      SeeInvis .     - Unarmed
rCold   . . .      Faith    .   (no shield)
rNeg    . . .      Spirit   .   b - +0 leather armour
rPois   .          Reflect  .   (helmet currently unavailable)
rElec   .          Harm     .   (no cloak)
rCorr   .          Rampage  .   (no gloves)
Will    .....                   (boots currently unavailable)
Stlth   ++........              c - amulet of magic regeneration
HPRegen 0.12/turn               g - ring of protection from fire
MPRegen 0.51/turn               h - +6 ring of dexterity

@: appendages (expiring)
A: horns 2, talons 2, high MP 1, forlorn, divine attributes
a: End Transformation


You were on level 2 of the Dungeon.
You had temporarily grown beastly horns and talons.
You visited 1 branch of the dungeon, and saw 2 of its levels.

You collected 134 gold pieces.

Inventory:

Missiles
 a - 6 javelins
Armour
 b - a +0 leather armour (worn)
Jewellery
 c - an amulet of magic regeneration (around neck)
 g - a ring of protection from fire (left hand)
 h - a +6 ring of dexterity (right hand)
Scrolls
 d - 3 scrolls of identify {unknown}
 e - a scroll of silence {unknown}
 i - a scroll of magic mapping {unknown}


   Skills:
 * Level 1.7 Fighting
 * Level 1.3 Armour
 + Level 2.1 Dodging
 + Level 3.5 Unarmed Combat
 - Level 2.0 Spellcasting
 + Level 2.2 Transmutations


You had 6 spell levels left.
You knew the following spells:

 Your Spells              Type           Power      Damage    Failure   Level
a - Beastly Appendage     Tmut           16%        N/A       12%         1

Your spell library contained the following spells:

 Spells                   Type           Power      Damage    Failure   Level
 Wereblood                Tmut           8%         N/A       19%         2
 Magic Dart               Conj           4%         1d3       28%         1
 Call Imp                 Summ           1%         N/A       41%         2
 Spider Form              Tmut/Pois      4%         N/A       50%         3
 Ignite Poison            Fire/Tmut/Pois 3%         N/A       54%         3
 Conjure Flame            Conj/Fire      1%         6-21      65%         3
 Mephitic Cloud           Conj/Pois/Air  1%         N/A       65%         3
 Ice Form                 Ice/Tmut       4%         N/A       88%         4
 Sticky Flame             Conj/Fire      1%         2d3       96%         4


Dungeon Overview and Level Annotations

Branches:
Dungeon (2/15)

Annotations:
D:2 Terence


Innate Abilities, Weirdness & Mutations

You have temporarily grown beastly horns and talons.
You have an increased reservoir of magic. (+10% MP)
You shall have no god before yourself.
Your divine heritage dramatically boosts your attributes as you level up.


Message History

You hit Terence.
Terence is moderately wounded.
Terence barely misses you.
It was a potion of curing.
You feel better. Terence misses you.
Casting: Beastly Appendage (safe; 12% risk of failure)
Confirm with . or Enter, or press ? or * to list all spells.
You grow a pair of large bovine horns.
Your feet morph into talons.
Terence hits you with a +0 falchion!
You hit Terence.
Terence is moderately wounded.
Terence hits you with a +0 falchion.
You hit Terence but do no damage. You claw Terence, but do no damage.
You headbutt Terence, but do no damage.
Terence is moderately wounded.
Terence completely misses you.
You hit Terence but do no damage. You headbutt Terence.
Terence is moderately wounded.
Your transformation is almost over.
Terence hits you with a +0 falchion.
You closely miss Terence. You headbutt Terence.
Terence is heavily wounded.
You hit Terence but do no damage. You claw Terence.
Terence is heavily wounded.
Terence hits you but does no damage.
You barely miss Terence.
Terence is heavily wounded.
Terence hits you with a +0 falchion!
* * * LOW HITPOINT WARNING * * *
You hit Terence but do no damage. Your kick misses Terence.
Your headbutt misses Terence.
Terence is heavily wounded.
Terence barely misses you.
You closely miss Terence. You claw Terence.
Terence is severely wounded.
Terence hits you with a +0 falchion.
* * * LOW HITPOINT WARNING * * *
You completely miss Terence.
Terence is severely wounded.
Terence hits you with a +0 falchion!
You die...

# .# ###. #. #..
## #. ##.## ..
#. #...###.#
#.##...@@.# ##
#....####.'...?.
#. ##..##
##....? #. #..#
.??. #. #..# ).#
#. #..## ## ###†
#...#### ...
###... #......#
....##.#.##
##.....#
.##....#.##


You could see Terence.

Vanquished Creatures
  Jessica (D:2)
  Natasha (D:2)
  A worm (D:2)
  A bat (D:2)
  5 endoplasms
  3 giant cockroaches
  4 goblins
  2 hobgoblins
  3 jackals (D:2)
  3 quokkas
  5 ball pythons
  2 frilled lizards (D:2)
  3 kobolds
  4 rats
38 creatures vanquished.

Notes
Turn   | Place    | Note
-------+----------+-------------------------------------------
     0 | D:1      | Timinator the Demigod Transmuter began the quest for the
                  | Orb.
     0 | D:1      | Reached XP level 1. HP: 15/15 MP: 5/5
   340 | D:1      | Reached skill level 1 in Fighting
   735 | D:1      | Reached XP level 2. HP: 23/23 MP: 7/7
  1225 | D:2      | Noticed Jessica
  1234 | D:2      | Killed Jessica
  1235 | D:2      | Reached skill level 1 in Armour
  1235 | D:2      | Reached skill level 3 in Unarmed Combat
  1235 | D:2      | Reached XP level 3. HP: 21/28 MP: 8/8
  1476 | D:2      | Noticed Natasha
  1487 | D:2      | Killed Natasha
  1889 | D:2      | Reached XP level 4. HP: 29/35 MP: 9/9
  1950 | D:2      | Noticed Terence
  1982 | D:2      | Slain by Terence

Illustrated notes

Levels and vault maps discovered:
D:1:      saegor_arrival_simple_c, layout_basic,
          chequers_ecumenical_altar_twisty, minmay_unequal
D:2:      minmay_general_purpose_star, layout_basic, minmay_joined_circles,
          uniq_terence, uniq_jessica, uniq_natasha, uniq_robin

Skill      XL: |  1  2 |
---------------+-------+-----
Fighting       | 1 |  1.7
Spellcasting   | 2 |  2.0
Armour         | 1 |  1.3
Dodging        | 2 |  2.1
Unarmed Combat | 3 |  3.5
Transmutations | 2 |  2.2

Action                   |  1- 3 |  4- 6 || total
-------------------------+-------+-------++-------
Melee: Unarmed           |    95 |    28 ||   123
       Kick              |     8 |    10 ||    18
       Headbutt          |     3 |     6 ||     9
       Punch             |     1 |       ||     1
 Cast: Beastly Appendage |     7 |     2 ||     9
  Use: Potion            |     1 |     1 ||     2
 Stab: Sleeping          |     6 |       ||     6
Armor: Robe              |     5 |       ||     5
       Skin              |     1 |       ||     1
       Leather armour    |     7 |     3 ||    10
Dodge: Dodged            |    59 |    11 ||    70
